 Dungeon Crawl Stone Soup version 0.24.0-2-g5b39cebb1c (webtiles) character file.

Game seed: 16733173978093786409, levelgen mode: deterministic

368 zhorgal the Skirmisher (level 6, -1/35 HPs)
             Began as a Vine Stalker Wanderer on Oct 30, 2019.
             Slain by an ogre
             ... wielding a +0 giant spiked club
              (7 damage)
             ... on level 4 of the Dungeon.
             The game lasted 00:10:05 (3019 turns).

zhorgal the Skirmisher (Vine Stalker Wanderer)      Turns: 3019, Time: 00:10:06

Health: -1/35      AC: 13    Str: 15    XL:     6   Next: 69%
Magic:  0/10       EV:  6    Int: 12    God:
Gold:   170        SH:  0    Dex: 13    Spells: 7/9 levels left

rFire    . . .     SeeInvis .   m - +0 short sword
rCold    . . .     Gourm    .   (no shield)
rNeg     . . .     Faith    +   i - +0 chain mail
rPois    .         Spirit   +   l - +2 helmet
rElec    .         Reflect  .   g - +0 cloak
rCorr    .         Harm     .   o - +0 pair of gloves
MR       .....                  (no boots)
Stlth    ..........             z - amulet of faith
HPRegen  0.51/turn              d - -2 ring of dexterity (curse)
MPRegen  0.12/turn              (no ring)

@: confused
A: fangs 2, regeneration 1, magic shield, antimagic bite, no potion heal 3, rot
immunity
a: no special abilities


You were on level 4 of the Dungeon.
You were not hungry.

You visited 1 branch of the dungeon, and saw 4 of its levels.

You collected 170 gold pieces.

Inventory:

Hand Weapons
 m - a +0 short sword (weapon)
Missiles
 b - 43 sling bullets
 j - 73 stones (quivered)
Armour
 g - a +0 cloak (worn)
 i - a +0 chain mail (worn)
 l - a +2 helmet (worn)
 o - a +0 pair of gloves (worn)
Jewellery
 d - a cursed -2 ring of dexterity (left hand)
 z - an amulet of faith (around neck)
Scrolls
 a - 5 scrolls of teleportation {unknown}
 c - 2 scrolls of magic mapping {unknown}
 k - 6 scrolls of remove curse
 n - 2 scrolls of enchant armour {unknown}
 q - a scroll of blinking {unknown}
 t - 2 scrolls of identify {unknown}
 y - a scroll of enchant weapon {unknown}
Potions
 h - a potion of invisibility {unknown}
 p - a potion of heal wounds
 r - a potion of flight {unknown}
 s - 2 potions of resistance {unknown}
 u - a potion of degeneration {unknown}
 v - a potion of mutation {unknown}
 x - a potion of brilliance {unknown}
Comestibles
 f - 6 rations
 w - 4 chunks of flesh


   Skills:
 + Level 5.3 Fighting
   Level 1.0 Maces & Flails
 + Level 0.5 Armour
 + Level 0.5 Dodging
 - Level 2.4 Stealth
 * Level 1.4 Unarmed Combat
 - Level 2.1 Spellcasting
   Level 4.0 Charms
   Level 1.0 Ice Magic
   Level 1.0 Earth Magic


You had 7 spell levels left.
You knew the following spells:

 Your Spells              Type           Power        Failure   Level  Hunger
a - Magic Dart            Conj           #...         100%        1    ##.....
b - Confusing Touch       Hex            #.....       100%        1    ##.....

Your spell library contained the following spells:

 Spells                   Type           Power        Failure   Level  Hunger
 Animate Skeleton         Necr           N/A          100%        1    ##.....
 Apportation              Tloc           #.....       100%        1    ##.....
 Summon Small Mammal      Summ           #...         100%        1    ##.....
 Blink                    Tloc           N/A          100%        2    ###....
 Call Imp                 Summ           #.......     100%        2    ###....
 Corpse Rot               Necr           N/A          100%        2    ###....
 Slow                     Hex            #.......     100%        2    ###....
 Sublimation of Blood     Necr           #.........   100%        2    ###....
 Conjure Flame            Conj/Fire      #.......     100%        3    ####...
 Mephitic Cloud           Conj/Pois/Air  #.......     100%        3    ####...


Dungeon Overview and Level Annotations

Branches:
Dungeon (4/15)
 Temple: D:4-7

Altars:
Kikubaaqudgha
Makhleb
Yredelemnul

Annotations:
D:2 2 transporters


Innate Abilities, Weirdness & Mutations

You have extremely sharp teeth.
Your natural rate of healing is unusually fast.
When hurt, damage is shared between your health and your magic reserves.
Your bite disrupts and absorbs the magic of your enemies.
Potions cannot restore your health.
You are immune to rotting.


Message History

The ogre hits you with a +0 giant spiked club!!
You hit the ogre. You bite the ogre. You drain its power.
You feel invigorated.
The ogre is moderately wounded.
The ogre hits you with a +0 giant spiked club!
You hit the ogre.
The ogre is heavily wounded.
The ogre hits you with a +0 giant spiked club.
* * * LOW HITPOINT WARNING * * *
It was a potion of ambrosia.
You are confused.
Your system rejects the healing.
You feel invigorated. The ogre hits you but does no damage.
You bump into the rock wall.
You barely miss the ogre.
The ogre is heavily wounded.
The ogre hits you with a +0 giant spiked club!
* * * LOW HITPOINT WARNING * * *
You bump into the rock wall.
The ogre hits you with a +0 giant spiked club!
You die...

#####.# #.#
#.# ### #.#
#.# #.# #.#
#.# #.# #.#
#.# #.# #@#
#.# #O# #.#
#.# #.# ##.#
#.#
#..#####.#
#.##.....#
###.##.#####
..#.##.#
#.#.##.#


You could see an ogre.

Vanquished Creatures
  A scorpion (D:2)
  A howler monkey (D:3)
  A hound (D:4)
  A bullfrog skeleton (D:4)
  Terence (D:2)
  Natasha (thrice) (D:3)
  Robin (D:3)
  2 adders
  2 oozes
  2 worms
  3 dart slugs
  2 leopard geckos
  An orc (D:2)
  2 giant cockroaches
  15 goblins
  6 hobgoblins
  9 jackals
  A quokka (D:2)
  8 bats
  3 frilled lizards
  4 kobolds
  8 rats
77 creatures vanquished.

Notes
Turn   | Place    | Note
-------+----------+-------------------------------------------
     0 | D:1      | zhorgal the Vine Stalker Wanderer began the quest for the
                  | Orb.
     0 | D:1      | zhorgal set off with the following items: a +0 club, a +0
                  | robe, a +0 dagger, a ration; and the following spell
                  | memorised: Magic Dart; and the following spells available
                  | to memorise: Blink, Call Imp, Corpse Rot, Slow, Sublimation
                  | of Blood, Conjure Flame, Mephitic Cloud
     0 | D:1      | Reached XP level 1. HP: 9/9 MP: 4/4
    80 | D:1      | Reached skill level 1 in Maces & Flails
   289 | D:1      | Reached XP level 2. HP: 10/14 MP: 6/6
   293 | D:1      | Reached skill level 1 in Fighting
   810 | D:2      | Reached XP level 3. HP: 18/18 MP: 7/7
   833 | D:2      | Reached skill level 2 in Fighting
  1086 | D:2      | Found an ancient bone altar of Kikubaaqudgha.
  1088 | D:2      | Found a transporter.
  1106 | D:2      | Found a transporter.
  1540 | D:2      | Noticed a scorpion
  1551 | D:2      | Killed a scorpion
  1551 | D:2      | Reached skill level 3 in Fighting
  1551 | D:2      | Gained mutation: Your natural rate of healing is unusually
                  | fast. [Vine Stalker growth]
  1551 | D:2      | Reached XP level 4. HP: 13/24 MP: 5/8
  1795 | D:3      | Noticed Natasha
  1812 | D:3      | Killed Natasha
  1812 | D:3      | Reached skill level 4 in Fighting
  1812 | D:3      | Reached XP level 5. HP: 17/29 MP: 3/9
  1896 | D:3      | Noticed Natasha
  1915 | D:3      | Killed Natasha
  1941 | D:3      | Noticed Natasha
  1946 | D:3      | Killed Natasha
  1946 | D:3      | Reached XP level 6. HP: 25/35 MP: 6/10
  2170 | D:3      | Reached skill level 5 in Fighting
  2261 | D:3      | Noticed Terence
  2261 | D:3      | Noticed Robin
  2328 | D:2      | Killed Terence
  2369 | D:3      | Killed Robin
  2578 | D:3      | Found a burning altar of Makhleb.
  2681 | D:3      | Found a basalt altar of Yredelemnul.
  2859 | D:4      | Learned a level 1 spell: Confusing Touch
  2883 | D:4      | Reached skill level 1 in Unarmed Combat
  3019 | D:4      | Slain by an ogre

Levels and vault maps discovered:
D:1:      saegor_arrival_simple_c, layout_basic, minmay_misc_feat_alley
D:2:      layout_basic, gammafunk_temple_overflow_arena
D:3:      layout_loops_ring, grunt_temple_overflow_open, first_ration,
          uniq_terence, uniq_robin, uniq_natasha
D:4:      minmay_chambers_of_twos, layout_loops_ring,
          chequers_serial_rivers_micro_b

Skill      XL: |  1  2  3  4  5  6 |
---------------+-------------------+-----
Maces & Flails | 1 |  1.0
Fighting       | 1 3 4 5 |  5.3
Unarmed Combat | 1 |  1.4
Armour         | |  0.5
Dodging        | |  0.5
Stealth        | |  2.4
Spellcasting   | |  2.1
Charms         | |  4.0
Ice Magic      | |  1.0
Earth Magic    | |  1.0

Action                   |  1- 3 |  4- 6 || total
-------------------------+-------+-------++-------
Melee: Club              |    24 |       ||    24
       Bite              |    27 |    58 ||    85
       Short sword       |    99 |   218 ||   317
       Dagger            |    12 |       ||    12
  Use: Scroll            |     1 |       ||     1
       Potion            |       |     1 ||     1
 Stab: Sleeping          |     1 |       ||     1
  Eat: Chunk             |     2 |     5 ||     7
Armor: Chain mail        |    81 |   158 ||   239
       Robe              |     5 |       ||     5
Dodge: Dodged            |    54 |    86 ||   140
